[ AOE2 MATCH · #479214411 ]
1v1 RMKhmer vs Mongols
Player's team · LOSS
Rival team · WIN
[ REPLAY ANALYSIS · EXTRACTED FROM THE RECORDED GAME ]
Feudal
8:03
Castle
—
Imperial
—
| APM avg | 40.5 |
| APM peak | 94 |
| eAPM avg | 14.6 |
| Villagers / military | 23 / 2 |
Focus
⚔️ 29.5% · 🌾 70.5%
Scout Cavalry ×2
Feudal
10:26
Castle
—
Imperial
—
| APM avg | 53.4 |
| APM peak | 101 |
| eAPM avg | 16.0 |
| Villagers / military | 21 / 0 |
Focus
⚔️ 31.7% · 🌾 68.3%
Match map
Initial resources + every placement click. Lines = walls · curves = elevation contours. ◆ gold · ⬟ stone · ● berries · ✦ relic · ◌ wall gap
Your base
banana in borderland's base
Smoothed initial terrain · ◌ = detected wall gap · hover for details
Inputs per minute
— Sanoni - - banana in borderland
Build order — Sanoni
41 actions detected in the replay
| 0:00 | Create | Villager (Male) |
| 0:00 | Create | Villager (Male) |
| 0:01 | Create | Villager (Male) |
| 0:01 | Create | Villager (Male) |
| 0:02 | Build | House |
| 0:03 | Build | House |
| 1:29 | Create | Villager (Male) |
| 1:29 | Create | Villager (Male) |
| 2:08 | Create | Villager (Male) |
| 2:08 | Create | Villager (Male) |
| 2:08 | Create | Villager (Male) |
| 2:36 | Create | Villager (Male) |
| 3:05 | Create | Villager (Male) |
| 3:12 | Create | Villager (Male) |
| 3:12 | Create | Villager (Male) |
| 3:28 | Build | House |
| 3:41 | Create | Villager (Male) |
| 3:42 | Create | Villager (Male) |
| 3:45 | Create | Villager (Male) |
| 3:45 | Create | Villager (Male) |
| 4:36 | Research | Loom |
| 4:44 | Build | Mill |
| 5:53 | Research | Feudal Age |
| 7:19 | Create | Villager (Male) |
| 8:03 | Age | Feudal Age |
| 8:08 | Build | Stable |
| 8:12 | Create | Villager (Male) |
| 8:24 | Build | Lumber Camp |
| 8:54 | Create | Scout Cavalry |
| 8:55 | Create | Scout Cavalry |
| 8:57 | Build | House |
| 9:03 | Create | Villager (Male) |
| 9:05 | Build | Farm |
| 9:23 | Build | House |
| 9:28 | Build | House |
| 9:51 | Create | Villager (Male) |
| 10:10 | Create | Villager (Male) |
| 10:34 | Create | Villager (Male) |
| 10:37 | Build | Farm |
| 10:39 | Build | Farm |
| 10:40 | Build | Farm |
Build order — banana in borderland
39 actions detected in the replay
| 0:00 | Create | Villager (Male) |
| 0:01 | Create | Villager (Male) |
| 0:02 | Build | House |
| 0:03 | Build | House |
| 0:22 | Create | Villager (Male) |
| 0:22 | Research | Loom |
| 2:01 | Create | Villager (Male) |
| 2:01 | Create | Villager (Male) |
| 2:02 | Create | Villager (Male) |
| 2:29 | Create | Villager (Male) |
| 2:36 | Build | Lumber Camp |
| 3:16 | Create | Villager (Male) |
| 3:16 | Create | Villager (Male) |
| 3:17 | Create | Villager (Male) |
| 3:20 | Build | House |
| 3:22 | Build | House |
| 3:46 | Create | Villager (Male) |
| 5:14 | Create | Villager (Male) |
| 5:14 | Create | Villager (Male) |
| 5:14 | Create | Villager (Male) |
| 6:15 | Build | Palisade Wall |
| 6:27 | Create | Villager (Male) |
| 6:27 | Create | Villager (Male) |
| 6:39 | Build | Mill |
| 6:44 | Build | Mill |
| 7:02 | Create | Villager (Male) |
| 7:42 | Build | House |
| 7:46 | Build | House |
| 7:48 | Create | Villager (Male) |
| 7:53 | Research | Feudal Age |
| 7:53 | Research | Feudal Age |
| 9:17 | Build | House |
| 9:23 | Create | Villager (Male) |
| 10:01 | Create | Villager (Male) |
| 10:04 | Build | Barracks |
| 10:26 | Age | Feudal Age |
| 10:30 | Research | Horse Collar |
| 10:30 | Research | Double-Bit Axe |
| 10:43 | Create | Villager (Male) |
Match timeline
| 6:15 | banana in borderland · wall_segment Palisade Wall x10 |
| 8:03 | Sanoni · age_up feudal |
| 8:08 | Sanoni · first_building Stable |
| 10:04 | banana in borderland · first_building Barracks |
| 10:26 | banana in borderland · age_up feudal |
| 10:53 | Sanoni · resign |
[ AI ANALYSIS · 1 CREDIT ]
What really happened in this match?
Wolo.gg analyzes every decision: build order, eco, micro, common mistakes by bracket. Personalized analysis on WhatsApp or Discord in 30 seconds.
Civ guide
Khmer
Map guide
Arabia
Perfil
Jugador #2793901